 Dungeon Crawl Stone Soup version 0.30-b1-2-g02819fbbbe (webtiles) character file.

Game seed: 327587788612493205

417138 NimIero the Slayer (level 22, -4/226 HPs)
             Began as a Minotaur Monk on Sept 26, 2023.
             Was the Champion of Qazlal.
             Slain by a titan (7 damage)
             ... on level 3 of the Depths on Sept 28, 2023.
             The game lasted 07:27:10 (55690 turns).

NimIero the Slayer (Minotaur Monk)                 Turns: 55690, Time: 07:27:10

Health: -4/226     AC: 43    Str: 35    XL:     22   Next: 86%
Magic:  43/43      EV: 18    Int: 12    God:    Qazlal [******]
Gold:   2253       SH: 13    Dex: 14    Spells: 21/21 levels left

rFire   + . .        a - +8 war axe (spect)
rCold   . . .        d - orb {light}
rNeg    + . .        P - +6 shadow dragon scales
rPois   .            O - +3 hat of Pondering {ponderous, Will+ MP+10 Int+5}
rElec   .            j - +2 cloak {rCorr}
rCorr   +            T - +2 pair of gloves
SInv    .            h - +2 pair of boots
Will    +++..        p - amulet of reflection
Stlth   +            G - ring of the Everdark {*Slow rN+ rCorr Str+9}
HPRegen 0.57/turn    t - ring of willpower
MPRegen 0.28/turn

%: slow self (1%), repel missiles, reflection
@: protected from fire, glowing, slow
A: horns 2, retaliatory headbutt
}: 1/15 runes: barnacled
a: Renounce Religion, Upheaval, Elemental Force, Disaster Area


You were on level 3 of the Depths.
You worshipped Qazlal.
Qazlal was exalted by your worship.
You visited 9 branches of the dungeon, and saw 40 of its levels.

You collected 4678 gold pieces.
You spent 2425 gold pieces at shops.

Inventory:

Hand Weapons
 a - a +8 spectral war axe (weapon)
 b - a +5 demon trident of draining
Missiles
 e - 25 boomerangs
 g - 10 javelins
 r - 38 poisoned darts (quivered)
 I - 11 curare-tipped darts
 U - 7 throwing nets
Armour
 d - an orb of light (worn)
 h - a +2 pair of boots (worn)
 j - a +2 cloak of preservation (worn)
 O - the +3 hat of Pondering (worn) {ponderous, Will+ MP+10 Int+5}
   (You took it off Gastronok on level 1 of the Lair of Beasts)

   Int:       It affects your intelligence (+5).
   MP:        It affects your magic capacity (+10).
   Will:      It increases your willpower.
 P - +6 shadow dragon scales (worn)
 T - a +2 pair of gloves (worn)
Jewellery
 f - the ring of Xom's Malicious Joy {rElec rC+ Slay+4 Stlth+}
   (You found it on level 4 of the Shoals)

   [ring of slaying]

   Slay:      It affects your accuracy & damage with ranged weapons and melee
   (+4).
   rC:        It protects you from cold.
   rElec:     It insulates you from electricity.
   Stlth:     It makes you more stealthy.
 m - the ring "Quweb" {+Blink rElec rPois Str+6}
   (You bought it in a shop on level 1 of the Depths)

   [ring of poison resistance]

   Str:       It affects your strength (+6).
   rElec:     It insulates you from electricity.
   rPois:     It protects you from poison.
   +Blink:    It lets you blink.
 p - an amulet of reflection (around neck)
 t - a ring of willpower (right hand)
 y - a ring of flight
 A - a ring of positive energy
 G - the ring of the Everdark (left hand) {*Slow rN+ rCorr Str+9}
   (You found it on level 5 of the Dungeon)

   [ring of resist corrosion]

   Str:       It affects your strength (+9).
   rN:        It protects you from negative energy.
   rCorr:     It protects you from acid and corrosion.
   *Slow:     It may slow you when you take damage.
 H - a ring of fire
 X - a ring of willpower
Wands
 o - a wand of paralysis (35)
 s - a wand of mindburst (8)
 u - a wand of polymorph (38)
 v - a wand of quicksilver (13)
 Q - a wand of roots (41)
 V - a wand of digging (15)
 Y - a wand of flame (69)
Scrolls
 k - 4 scrolls of fear
 B - 4 scrolls of silence
 E - 3 scrolls of summoning
 F - 9 scrolls of magic mapping
 J - 3 scrolls of fog
 M - 2 scrolls of blinking
 R - 8 scrolls of poison
 S - 19 scrolls of teleportation
Potions
 c - 10 potions of ambrosia
 i - 7 potions of lignification
 l - 6 potions of mutation
 n - 6 potions of resistance
 q - 3 potions of berserk rage
 w - 5 potions of might
 x - 11 potions of heal wounds
 z - 21 potions of curing
 C - 3 potions of cancellation
 N - 3 potions of invisibility
 W - 5 potions of haste
Miscellaneous
 D - a lightning rod (4/4)
 L - a condenser vane


   Skills:
 - Level 25.3 Fighting
 - Level 16.0(17.0) Axes
 - Level 9.7(14.0) Polearms
 * Level 8.9 Throwing
 + Level 22.6 Armour
 * Level 17.3 Dodging
 - Level 2.4 Stealth
 - Level 14.9 Shields
 * Level 16.3 Invocations


You had 21 spell levels left.
You didn't know any spells.
Your spell library contained the following spells:

 Spells                   Type           Power      Damage    Failure   Level
 Apportation              Tloc           0%         N/A       56%         1
 Foxfire                  Conj/Fire      0%         2x1d4     56%         1
 Freeze                   Ice            0%         1d3       56%         1
 Necrotise                Necr           0%         1d4       56%         1
 Shock                    Conj/Air       0%         1d3       56%         1
 Sting                    Tmut/Pois      0%         1d3       56%         1
 Summon Small Mammal      Summ           0%         N/A       56%         1
 Blink                    Tloc           0%         N/A       71%         2
 Cigotuvi's Dreadful Rot  Necr/Pois/Air  0%         N/A       71%         2
 Ensorcelled Hibernation  Hex/Ice        0%         N/A       71%         2
 Lesser Beckoning         Tloc           0%         N/A       71%         2
 Momentum Strike          Conj/Tloc      0%         3d8       71%         2
 Passwall                 Tmut/Erth      0%         N/A       71%         2
 Poisonous Vapours        Pois/Air       0%         N/A       71%         2
 Frozen Ramparts          Ice            0%         1d1       91%         3
 Gell's Gravitas          Tloc           0%         N/A       91%         3
 Mephitic Cloud           Conj/Pois/Air  0%         N/A       91%         3
 Ozocubu's Armour         Ice            0%         N/A       91%         3
 Portal Projectile        Hex/Tloc       0%         N/A       91%         3
 Spider Form              Tmut/Pois      0%         N/A       91%         3
 Summon Guardian Golem    Hex/Summ       0%         N/A       91%         3
 Swiftness                Air            0%         N/A       91%         3
 Teleport Other           Tloc           0%         N/A       91%         3
 Vhi's Electric Charge    Tloc/Air       0%         N/A       91%         3
 Airstrike                Air            0%         2d(0-16)  100%        4
 Animate Armour           Summ/Erth      0%         N/A       100%        4
 Animate Dead             Necr           0%         N/A       100%        4
 Cause Fear               Hex            0%         N/A       100%        4
 Ice Form                 Ice/Tmut       0%         N/A       100%        4
 Leda's Liquefaction      Hex/Erth       0%         N/A       100%        4
 Olgreb's Toxic Radiance  Pois           0%         N/A       100%        4
 Summon Ice Beast         Ice/Summ       0%         N/A       100%        4
 Arcjolt                  Conj/Air       0%         1d10      100%        5
 Blade Hands              Tmut           0%         N/A       100%        5
 Borgnjor's Vile Clutch   Necr/Erth      0%         N/A       100%        5
 Fireball                 Conj/Fire      0%         3d3       100%        5
 Freezing Cloud           Conj/Ice/Air   0%         6-21      100%        5
 Irradiate                Conj/Tmut      0%         3d11      100%        5
 Lee's Rapid Deconstruct  Erth           0%         3d4*      100%        5
 Summon Forest            Summ/Tloc      0%         N/A       100%        5
 Summon Mana Viper        Hex/Summ       0%         N/A       100%        5
 Conjure Ball Lightning   Conj/Air       0%         3x3d6     100%        6
 Death Channel            Necr           0%         N/A       100%        6
 Dispersal                Tloc           0%         N/A       100%        6
 Eringya's Noxious Bog    Tmut/Pois      0%         N/A       100%        6
 Iron Shot                Conj/Erth      0%         9d1       100%        6
 Plasma Beam              Fire/Air       0%         2x1d11    100%        6
 Starburst                Conj/Fire      0%         6d3       100%        6
 Summon Cactus Giant      Summ           0%         N/A       100%        6
 Dragon Form              Tmut           0%         N/A       100%        7
 Malign Gateway           Summ/Tloc      0%         N/A       100%        7
 Monstrous Menagerie      Summ           0%         N/A       100%        7
 Ozocubu's Refrigeration  Ice            0%         4d7       100%        7
 Discord                  Hex            0%         N/A       100%        8
 Disjunction              Tloc           0%         N/A       100%        8
 Maxwell's Capacitive Co  Air            0%         ∞         100%        8
 Summon Horrible Things   Summ           0%         N/A       100%        8
 Dragon's Call            Summ           0%         N/A       100%        9
 Shatter                  Erth           0%         3d5*      100%        9


Dungeon Overview and Level Annotations

Branches:
Dungeon (15/15)            Temple (1/1) D:7            Lair (5/5) D:8
 Shoals (4/4) Lair:2        Snake (4/4) Lair:3        Slime (0/5) Lair:4
    Orc (2/2) D:10            Elf (2/3) Orc:2        Vaults (4/5) D:14
  Crypt (0/3) Vaults:3     Depths (3/4) D:15

Altars:
Ashenzari
Cheibriados
Dithmenos
Elyvilon
Fedhas
Gozag
Hepliaklqana
Kikubaaqudgha
Makhleb
Nemelex Xobeh
Okawaru
Qazlal
Trog
Uskayaw
Vehumet
Wu Jian
Xom
Yredelemnul
The Shining One
Jiyva

Shops:
D:8 [   D:14 [**[*   Orc:2 *[?(   Elf:2 (   Shoals:2 *   Vaults:1 [!*
Depths:1 *!==

Portals:
Hell: Depths:1 Depths:2 Depths:3
Abyss: Depths:2
Pandemonium: Depths:2 Depths:3
Ziggurat: Depths:1

Annotations:
Snake:4 Asterion
Elf:1 exclusions: 2 ice statues and 2 lightning spires
Elf:2 3 runed translucent doors


Innate Abilities, Weirdness & Mutations

You have a pair of horns on your head.
You reflexively headbutt those who attack you in melee.


Message History

Your +8 spectral war axe hits the vampire knight!!
You destroy the vampire knight!
Qazlal accepts your kill.
Reactivating autopickup.
A titan comes into view.
Found a stone staircase leading up.
Your +8 spectral war axe disappears.
You are no longer corroded.
The tengu reaver hits you but does no damage.
The tengu reaver pecks you but does no damage.
The tengu reaver claws you but does no damage.
Things that are here:
a +2 heavy broad axe; a +0 chain mail The tengu reaver attacks as you move away!
The tengu reaver closely misses you. The tengu reaver completely misses you.
You block the tengu reaver's attack.
A storm dragon comes into view.
You block the juggernaut's attack.
The juggernaut hits you but does no damage.
The tengu reaver points at you and mumbles some strange words.
The bolt of lightning is repelled.
You hear a screech!
The tengu reaver points at you and mumbles some strange words.
The bolt of lightning misses you.
The storm dragon breathes lightning at you.
The bolt of lightning misses you. x2
The bolt of lightning hits the storm dragon.
The storm dragon completely resists.
A frost giant comes into view.
It is wielding a +0 battleaxe of freezing.
The tengu reaver gestures at you while chanting.
You hear a sizzling sound!
The juggernaut attacks as you move away!
The juggernaut hits you!!
* * * LOW HITPOINT WARNING * * *
The juggernaut hits you but does no damage.
Found a scroll of amnesia.
You hear a screech!
The storm dragon is engulfed in freezing vapours.
The titan attacks as you move away! The titan hits you!
You die...

.# .. ... ###.### ....
##.....##
.....#######.......##
......<○D°..........####
.....°.@C............##.
......○..C..............
?......#.°.....†........
.....##.§.Q...†.[().....
...###...#..............
.# ####......)........
##...)†........#
#.....).....###
##......!..##


You could see a juggernaut, a titan, a storm dragon and a tengu reaver.

Vanquished Creatures
  Margery (Vaults:4)
  Frederick (Vaults:4)
  A caustic shrike (Depths:3)
  A golden dragon (Depths:3)
  The ghost of Ukiefoc the Devastator, an adept DrFE of Vehumet (Vaults:3)
  A tentacled monstrosity (Depths:3)
  A lich (Depths:1)
  2 titans (Depths:3)
  A walking frostbound tome (Depths:3)
  A walking divine tome (Depths:3)
  Gastronok (Lair:1)
  An eldritch tentacle (Elf:1)
  2 krakens
  Kirke (Lair:2)
  3 sphinxes
  2 tengu reavers
  7 frost giants
  A nagaraja (Snake:3)
  5 fire giants
  2 azure jellies (Elf:1)
  An iron dragon (Elf:1)
  17 vault wardens
  Louise (D:14)
  A deep elf elementalist (Elf:2)
  5 spriggan defenders
  12 ironbound thunderhulks
  14 very ugly things
  3 war gargoyles
  6 orc warlords
  20 ironbound preservers
  7 stone giants
  2 deep elf demonologists
  A vampire knight (Depths:3)
  A deep elf annihilator (Elf:1)
  4 dire elephants (Vaults:2)
  6 spark wasps (Depths:1)
  10 yaktaur captains
  2 crystal guardians (Vaults:3)
  7 ettins
  A merfolk javelineer (Shoals:4)
  Josephine (D:11)
  The ghost of Philosiphyzer the Grappler, a journeyman TrMo of Wu Jian (Orc:1)
  4 deep elf death magi (Elf:1)
  2 entropy weavers
  9 merfolk impalers
  5 ice dragons
  6 fire dragons
  6 great orbs of eyes
  Harold (D:10)
  Fannar (D:11)
  20 vault guards
  5 peacekeepers
  2 rakshasas
  Erolcha (D:11)
  22 centaur warriors
  12 anacondas
  A merfolk avatar (Shoals:4)
  3 spriggan air magi
  6 hydras
  8 two-headed ogres
  22 ironbound frosthearts
  An ogre mage (D:14)
  Erica (D:8)
  3 catoblepae
  8 tengu warriors
  6 merfolk aquamancers
  6 boulder beetles
  5 deep troll shamans
  2 alligator snapping turtles
  10 dancing weapons
  2 death knights
  A spectral fire giant (Vaults:3)
  14 naga warriors
  An orc high priest (Orc:2)
  3 satyrs
  Urug (D:11)
  14 naga sharpshooters
  3 deep troll earth magi
  5 spriggan berserkers
  9 shock serpents
  4 deep elf knights (Elf:1)
  Sonja (Lair:3)
  6 spriggans
  A sun demon (Depths:3)
  6 hell knights
  A shock serpent (shapeshifter) (Depths:1)
  8 skysharks
  4 iron trolls
  Nergalle (D:11)
  15 sea snakes
  Lodul (D:11)
  2 fire crabs (Lair:5)
  59 deep trolls
  A death drake (Elf:1)
  A shadow demon (Depths:3)
  A deep troll (shapeshifter) (D:13)
  2 flayed ghosts
  3 glowing orange brains
  2 deep elf archers
  16 ironbound convokers
  A harpy (shapeshifter) (Vaults:1)
  9 wizards
  20 lindwurms
  19 harpies
  2 phantasmal warriors
  3 necromancers
  17 deep elf zephyrmancers
  A shadow dragon skeleton (Vaults:3)
  6 orc sorcerers
  14 deep elf pyromancers
  5 naga ritualists
  8 mana vipers
  12 orc knights
  4 wolf spiders
  14 manticores
  4 fauns (Shoals:2)
  A fire giant skeleton (Vaults:3)
  11 cyclopes
  A salamander (shapeshifter) (Depths:1)
  7 salamanders
  40 ugly things
  2 worldbinders (Elf:1)
  A rust devil (Depths:3)
  Maurice (Orc:2)
  2 centaur zombies (D:15)
  16 vault sentinels
  10 merfolk sirens
  An elephant (shapeshifter) (Depths:2)
  A human skeleton (Vaults:3)
  37 black mambas
  15 naga magi
  5 guardian serpents
  2 water nymphs
  A gargoyle (D:13)
  2 unseen horrors (shapeshifter)
  29 yaktaurs
  A yaktaur (shapeshifter) (Elf:2)
  2 unseen horrors
  17 cane toads
  4 rime drakes
  5 komodo dragons
  A freezing wraith (D:15)
  3 tengu conjurers
  An anaconda simulacrum (Elf:1)
  A red devil (Depths:3)
  A shadow dragon simulacrum (Vaults:3)
  2 trolls (shapeshifter)
  12 trolls
  17 merfolk
  11 polar bears
  12 hornets
  3 spectral humans (Vaults:3)
  Prince Ribbit (D:6)
  2 wind drakes (Shoals:3)
  3 raiju
  7 snapping turtles
  2 tarantellas
  7 saltlings (Orc:2)
  47 blink frogs
  A stone giant simulacrum (Vaults:3)
  12 dream sheep (Lair:3)
  A fire giant simulacrum (Vaults:3)
  A frost giant simulacrum (Vaults:3)
  An air elemental (Elf:1)
  39 slime creatures
  5 jumping spiders
  2 shadows
  14 wyverns
  A centaur simulacrum (D:14)
  4 wraiths
  2 vampires
  14 water elementals
  26 yaks
  7 hogs
  3 elf simulacra (Vaults:3)
  A golden eye (shapeshifter) (Vaults:2)
  A ynoxinul (Depths:3)
  Grum (D:8)
  6 basilisks
  Menkaure (D:6)
  6 redbacks
  A steam dragon (D:7)
  8 vampire mosquitoes
  2 spatial vortices (Elf:1)
  41 nagas
  5 wargs
  2 acid dragons
  16 water moccasins
  Duvessa (D:5)
  2 hydra simulacra (Elf:1)
  19 orc warriors
  16 hell hounds (Lair:5)
  4 ice beasts
  2 sky beasts
  12 black bears
  A black mamba simulacrum (Elf:1)
  16 ogres
  16 centaurs
  33 wolves
  11 boggarts
  2 phantoms (D:5)
  4 kobold brigands
  3 earth elementals (Elf:1)
  11 bullfrogs
  An ogre simulacrum (Vaults:3)
  6 scorpions
  10 wights
  Dowan (D:5)
  10 killer bees
  An elephant simulacrum (Elf:1)
  5 electric eels (Snake:2)
  2 howler monkeys
  Crazy Yiuf (D:4)
  9 orc priests
  A jelly (Lair:4)
  4 hounds
  2 gnoll boudas
  4 iguanas
  3 sleepcaps
  A boggart zombie (D:15)
  19 orc wizards
  7 hell rats (Lair:3)
  2 troll simulacra (Elf:1)
  Robin (D:4)
  14 gnolls
  8 adders
  A naga simulacrum (Elf:1)
  A shadow imp (D:7)
  A worm (D:3)
  5 dart slugs
  77 orcs
  6 bats
  10 endoplasms
  2 giant cockroaches
  12 goblins
  10 hobgoblins
  5 jackals
  2 quokkas
  7 ball pythons
  3 frilled lizards
  26 kobolds
  2 rats
  20 pillars of salt (Orc:2)
  2 plants
  3 spectral weapons
  4 tentacles
1699 creatures vanquished.

Vanquished Creatures (others)
  A stone giant (Depths:2)
  A deep troll (Vaults:1)
  2 wizards
  2 deep elf zephyrmancers (Elf:1)
  A manticore (D:13)
  A naga mage (Snake:2)
  A ball lightning (Elf:1)
  67 fungi
  2 pillars of salt (Orc:2)
  156 plants
  52 spectral weapons
  13 tentacles
299 creatures vanquished.

Grand Total: 1998 creatures vanquished

Notes
Turn   | Place    | Note
-------+----------+-------------------------------------------
     0 | D:1      | NimIero the Minotaur Monk began the quest for the Orb.
     0 | D:1      | Reached XP level 1. HP: 19/19 MP: 0/0
   177 | D:1      | Found a faded altar of an unknown god.
   420 | D:1      | Reached skill level 4 in Fighting
   420 | D:1      | Reached XP level 2. HP: 27/27 MP: 1/1
   604 | D:2      | Reached XP level 3. HP: 33/33 MP: 2/2
  1211 | D:3      | Reached skill level 5 in Axes
  1211 | D:3      | Reached XP level 4. HP: 34/41 MP: 3/3
  1258 | D:3      | Reached skill level 1 in Armour
  1613 | D:3      | Reached XP level 5. HP: 47/47 MP: 4/4
  2097 | D:4      | Found a runed translucent door.
  2098 | D:4      | Noticed Crazy Yiuf
  2105 | D:4      | Killed Crazy Yiuf
  2163 | D:4      | Found a bloodstained altar of Trog.
  2179 | D:4      | Reached XP level 6. HP: 53/53 MP: 5/5
  2293 | D:4      | Noticed Robin
  2314 | D:4      | Killed Robin
  2940 | D:5      | Entered Level 5 of the Dungeon
  2940 | D:5      | Noticed an ice beast
  2949 | D:5      | Reached skill level 5 in Fighting
  2949 | D:5      | Reached XP level 7. HP: 58/61 MP: 6/6
  3302 | D:5      | Noticed Dowan
  3313 | D:5      | Killed Dowan
  3441 | D:5      | Noticed Duvessa
  3452 | D:5      | Killed Duvessa
  3453 | D:5      | Reached XP level 8. HP: 12/69 MP: 7/7
  3899 | D:5      | Reached skill level 1 in Throwing
  3900 | D:5      | Identified the ring of the Everdark {*Slow rN+ rCorr Str+9}
  4196 | D:6      | Reached skill level 10 in Axes
  4299 | D:6      | Noticed Menkaure
  4300 | D:6      | Noticed Prince Ribbit
  4308 | D:6      | Killed Prince Ribbit
  4322 | D:6      | Killed Menkaure
  4599 | D:6      | Reached skill level 5 in Armour
  4599 | D:6      | Reached skill level 1 in Stealth
  4686 | D:6      | Reached skill level 6 in Fighting
  4718 | D:6      | Reached XP level 9. HP: 61/78 MP: 8/8
  5195 | D:7      | Reached skill level 5 in Dodging
  5370 | D:7      | Found a staircase to the Ecumenical Temple.
  5379 | Temple   | Entered the Ecumenical Temple
  5417 | Temple   | Became a worshipper of Qazlal Stormbringer
  5417 | Temple   | Reached * piety under Qazlal
  5417 | Temple   | Reached ** piety under Qazlal
  5527 | D:7      | Reached skill level 1 in Invocations
  5784 | D:7      | Found a snail-covered altar of Cheibriados.
  6205 | D:8      | Reached skill level 7 in Fighting
  6249 | D:8      | Reached XP level 10. HP: 70/86 MP: 10/10
  6632 | D:8      | Found Opsiapah's Superior Scales.
  6761 | D:8      | Found a staircase to the Lair.
  6809 | D:8      | Noticed Grum
  6824 | D:8      | Killed Grum
  6949 | D:8      | Noticed Erica
  6959 | D:8      | Killed Erica
  7410 | D:9      | Reached skill level 1 in Shields
  7539 | D:9      | Reached *** piety under Qazlal
  7654 | D:9      | Reached skill level 15 in Axes
  7663 | D:9      | Reached skill level 8 in Fighting
  8066 | D:10     | Entered Level 10 of the Dungeon
  8066 | D:10     | Noticed Harold
  8092 | D:10     | Killed Harold
  8093 | D:10     | Reached XP level 11. HP: 60/94 MP: 12/12
  8320 | D:10     | Found a staircase to the Orcish Mines.
  9017 | D:10     | Found an ancient bone altar of Kikubaaqudgha.
  9082 | D:11     | Noticed Erolcha
  9092 | D:11     | Killed Erolcha
  9096 | D:11     | Noticed Lodul
  9109 | D:11     | Killed Lodul
  9122 | D:11     | Reached skill level 9 in Fighting
  9123 | D:11     | Reached **** piety under Qazlal
  9162 | D:11     | Reached skill level 5 in Invocations
  9336 | D:11     | Noticed Josephine
  9351 | D:11     | Killed Josephine
  9475 | D:11     | Reached skill level 10 in Fighting
  9621 | D:11     | Noticed Nergalle
  9630 | D:11     | Killed Nergalle
  9708 | D:11     | Noticed Urug
  9719 | D:11     | Killed Urug
  9806 | D:11     | Found a stormy altar of Qazlal.
  9807 | D:11     | You fall into a shaft and drop 2 floors!
  9817 | D:13     | Noticed a two-headed ogre
  9877 | D:12     | Noticed a two-headed ogre
  9883 | D:12     | Killed a two-headed ogre
  9884 | D:12     | Reached XP level 12. HP: 98/108 MP: 15/15
 10061 | D:11     | Noticed Fannar
 10076 | D:11     | Killed Fannar
 10077 | D:11     | Reached skill level 11 in Fighting
 10996 | Lair:1   | Entered Level 1 of the Lair of Beasts
 11512 | Lair:1   | Noticed Gastronok
 11534 | Lair:1   | Killed Gastronok
 11535 | Lair:1   | Reached skill level 1 in Polearms
 12143 | Lair:2   | Noticed a six-headed hydra
 12147 | Lair:2   | Killed a six-headed hydra
 12158 | Lair:2   | Reached skill level 12 in Fighting
 12261 | Lair:2   | Found a staircase to the Shoals.
 13519 | Lair:2   | Reached skill level 5 in Throwing
 13633 | Lair:3   | Noticed Kirke
 13645 | Lair:2   | Reached XP level 13. HP: 114/119 MP: 17/17
 13671 | Lair:2   | Killed Kirke
 13857 | Lair:3   | Reached skill level 13 in Fighting
 13859 | Lair:3   | Reached ***** piety under Qazlal
 13982 | Lair:3   | Noticed Sonja
 13990 | Lair:3   | Reached skill level 10 in Armour
 14009 | Lair:3   | Killed Sonja
 14188 | Lair:3   | Found a staircase to the Snake Pit.
 14659 | Lair:3   | Reached skill level 14 in Fighting
 15064 | Lair:4   | Reached skill level 5 in Shields
 15427 | Lair:4   | Found a staircase to the Slime Pits.
 15427 | Lair:4   | Found a viscous altar of Jiyva.
 16068 | Lair:5   | Entered Level 5 of the Lair of Beasts
 16076 | Lair:5   | Reached skill level 5 in Polearms
 16084 | Lair:5   | Reached XP level 14. HP: 101/133 MP: 19/19
 16234 | Lair:5   | Reached ****** piety under Qazlal
 16242 | Lair:5   | Reached skill level 15 in Fighting
 16918 | Lair:5   | Reached skill level 16 in Fighting
 17915 | Orc:1    | Entered Level 1 of the Orcish Mines
 18087 | Orc:1    | Found a runed translucent door.
 18089 | Orc:1    | Noticed Philosiphyzer's ghost (journeyman TrMo)
 18353 | Orc:1    | Killed Philosiphyzer's ghost
 18400 | Orc:2    | Entered Level 2 of the Orcish Mines
 18415 | Orc:2    | Reached skill level 10 in Dodging
 18792 | Orc:2    | Reached XP level 15. HP: 131/145 MP: 21/21
 18792 | Orc:2    | Noticed Maurice
 18799 | Orc:2    | Killed Maurice
 18826 | Orc:2    | Found a staircase to the Elven Halls.
 19092 | Orc:2    | Found Ydoit's Magic Scroll Shoppe.
 19135 | Orc:2    | Reached skill level 17 in Fighting
 19545 | Orc:2    | Found Gumuox's Armour Shoppe.
 19547 | Orc:2    | Found Povael's Assorted Antiques.
 19572 | Orc:2    | Found Mukeat's Antique Weapon Boutique.
 19758 | Orc:2    | Bought a scroll of identify for 30 gold pieces
 19758 | Orc:2    | Bought a scroll of identify for 30 gold pieces
 19758 | Orc:2    | Bought a scroll of enchant weapon for 112 gold pieces
 19761 | Orc:2    | Reached skill level 10 in Invocations
 19761 | Orc:2    | Reached XP level 16. HP: 152/152 MP: 22/22
 20005 | Orc:2    | Bought a scroll of identify for 52 gold pieces
 20005 | Orc:2    | Bought a scroll of identify for 52 gold pieces
 20005 | Orc:2    | Bought a scroll of identify for 52 gold pieces
 20620 | D:13     | Identified the +1 ring mail "Cats" {Harm rElec}
 21915 | D:13     | Reached skill level 18 in Fighting
 22420 | D:14     | Found Femep's Antique Armour Shoppe.
 22443 | D:14     | Found Deloe's Assorted Antiques.
 22479 | D:14     | Noticed Louise
 22493 | D:14     | Killed Louise
 22789 | D:14     | Found Xopuddum's Assorted Antiques.
 22828 | D:14     | Found Qileotu's Assorted Antiques.
 22935 | D:14     | Found a gate to the Vaults.
 22938 | D:14     | Reached XP level 17. HP: 134/166 MP: 23/23
 23113 | D:14     | Found Quoschocvi's Armour Boutique.
 23229 | D:15     | Entered Level 15 of the Dungeon
 23350 | D:15     | Reached skill level 10 in Shields
 23354 | D:15     | Reached skill level 19 in Fighting
 24147 | D:15     | Found a staircase to the Depths.
 24370 | Shoals:1 | Entered Level 1 of the Shoals
 24832 | Shoals:1 | Noticed a kraken
 25015 | Shoals:1 | Killed a kraken
 25979 | Shoals:2 | Noticed a kraken
 25985 | Shoals:2 | Killed a kraken
 26032 | Shoals:2 | Found Banuh's General Store.
 26560 | Shoals:3 | Reached skill level 15 in Armour
 27422 | Shoals:3 | Identified the +0 robe "Ibosokom" {Will- rCorr Dex+3 SInv}
 27983 | Shoals:4 | Entered Level 4 of the Shoals
 28156 | Shoals:4 | Reached XP level 18. HP: 156/178 MP: 25/25
 28408 | Shoals:4 | Reached skill level 20 in Fighting
 29509 | Shoals:4 | Identified the ring of Xom's Malicious Joy {rElec rC+
                  | Slay+4 Stlth+}
 29782 | Shoals:4 | Got a barnacled rune of Zot
 29945 | Snake:1  | Entered Level 1 of the Snake Pit
 33486 | Snake:2  | Identified the +0 robe "Witoa" {Stlth+}
 34386 | Snake:3  | Reached XP level 19. HP: 181/188 MP: 27/27
 34755 | Snake:3  | Reached skill level 21 in Fighting
 35617 | Snake:4  | Entered Level 4 of the Snake Pit
 36220 | Snake:4  | Noticed Asterion
 36525 | Elf:1    | Entered Level 1 of the Elven Halls
 37065 | Elf:1    | Got the Elucidation of the Commander
 37428 | Elf:1    | You fall into a shaft and drop 1 floor!
 37571 | Elf:1    | Got the Tome of the Lithosphere
 38111 | Elf:1    | Got Dacliri's Compendium of Putridity
 38336 | Elf:1    | Identified the +11 scimitar of Bankruptcy {heavy, Will+}
 38467 | Elf:1    | Got the Monograph on Orientation
 38565 | Elf:2    | Found a runed translucent gate.
 38565 | Elf:2    | Found a runed translucent gate.
 38567 | Elf:2    | Found a runed translucent gate.
 39012 | Elf:2    | Found Wauta's Weapon Emporium.
 39570 | Vaults:1 | Entered Level 1 of the Vaults
 40432 | Vaults:1 | Reached skill level 22 in Fighting
 40441 | Vaults:1 | Reached XP level 20. HP: 148/200 MP: 29/29
 41971 | Vaults:1 | Found Deedduoc's Antique Armour Shop.
 42318 | Vaults:1 | Found Boinaoqu's General Store.
 42458 | Vaults:1 | Found Kiumpez's Distillery.
 43252 | Vaults:1 | Bought a scroll of enchant armour for 157 gold pieces
 44052 | Vaults:2 | Reached skill level 23 in Fighting
 44156 | Vaults:2 | Reached skill level 15 in Dodging
 44991 | Vaults:2 | Reached XP level 21. HP: 194/212 MP: 30/30
 45016 | Vaults:2 | Got the Handbook of Frostbitten Contamination
 46498 | Vaults:3 | Reached skill level 24 in Fighting
 47838 | Vaults:3 | Found a runed translucent gate.
 47838 | Vaults:3 | Found a runed translucent gate.
 47839 | Vaults:3 | Found a runed translucent gate.
 47839 | Vaults:3 | Noticed Ukiefoc's ghost (adept DrFE)
 48119 | Vaults:3 | Found a staircase to the Crypt.
 48119 | Vaults:3 | Found an ancient bone altar of Kikubaaqudgha.
 48119 | Vaults:3 | Found a basalt altar of Yredelemnul.
 48679 | Vaults:3 | Killed Ukiefoc's ghost
 49034 | Vaults:4 | Reached skill level 15 in Invocations
 49987 | Vaults:4 | Reached skill level 25 in Fighting
 50115 | Vaults:4 | Noticed Margery
 50125 | Vaults:4 | Killed Margery
 51243 | Vaults:4 | Noticed Frederick
 51255 | Vaults:4 | Killed Frederick
 51424 | Vaults:4 | Reached XP level 22. HP: 217/226 MP: 32/32
 51687 | D:14     | Bought 3 scrolls of enchant armour for 922 gold pieces
 51825 | Depths:1 | Entered Level 1 of the Depths
 52020 | Depths:1 | Found a gateway to Hell.
 52329 | Depths:1 | Found a one-way gateway to a ziggurat.
 52482 | Depths:1 | Found Eluump's Jewellery Emporium.
 52482 | Depths:1 | Found Muocw's Distillery.
 52483 | Depths:1 | Found Qaimmunk's Jewellery Emporium.
 52838 | Depths:1 | Found Xeofuam's General Store.
 53312 | Depths:1 | Bought the ring "Quweb" {+Blink rElec rPois Str+6} for 1018
                  | gold pieces
 54488 | Depths:2 | Found a one-way gate to the infinite horrors of the Abyss.
 54537 | Depths:2 | Found a one-way gate leading to the halls of Pandemonium.
 55651 | Depths:3 | Noticed a golden dragon
 55656 | Depths:3 | Noticed a caustic shrike
 55664 | Depths:3 | Killed a golden dragon
 55666 | Depths:3 | Killed a caustic shrike
 55680 | Depths:3 | Noticed a juggernaut
 55689 | Depths:3 | HP: 2/226 [juggernaut (26)]
 55690 | Depths:3 | Slain by a titan

Illustrated notes

Levels and vault maps discovered:
D:1:      scummos_arrival_checkerplants, layout_rooms,
          shapermc_ecumenical_altar_starsandcircs, minmay_heptomino_h4
D:2:      layout_rooms, grunt_ministairs_6
D:3:      layout_basic
D:4:      minmay_clustersquares, layout_basic, trog_three_pillars_becter,
          uniq_robin, uniq_crazy_yiuf_cottage
D:5:      layout_gridville, uniq_duvessa
D:6:      layout_loops_ring, grunt_ministairs_12, uniq_prince_ribbit1,
          uniq_menkaure
D:7:      layout_loops_ring, kennysheep_slug_shrine,
          minmay_temple_entry_statues_fountains
D:8:      layout_gridville, grunt_lair_entry_orc_guard_hut, hellmonk_scale_shop,
          uniq_grum, uniq_erica
D:9:      layout_big_octagon
D:10:     layout_loops_ring, lemuel_coloured_pillars_altar, orc_0_dummy,
          uniq_harold
D:11:     layout_basic, grunt_qazlal_sundering, uniq_urug, uniq_erolcha,
          uniq_lodul, uniq_fannar, uniq_josephine, uniq_nergalle
D:12:     layout_basic
D:13:     minmay_tearing_corner, layout_long_grid
D:14:     layout_cave_pools, lightli_vaults_fourway_checkpoint,
          minmay_stone_trees_small, serial_shops, kennysheep_little_box,
          nicolae_shop_waterfront, nicolae_shop_temple_entry_statues_fountains,
          nicolae_stop_n_shop_2, nicolae_shop_crystal, uniq_louise
D:15:     grunt_enter_depths_magical_seal, layout_rooms
Temple:   nicolae_temple_bog_church
Lair:1:   layout_hall_layers, gauntlet_entry_generic, uniq_gastronok
Lair:2:   layout_cave_pods, elwin_shoals_entry_stream, nicolae_lair_lindhole,
          grunt_megastairs_4
Lair:3:   layout_loops_ring, minmay_snake_entry_guardpost_medium, uniq_sonja,
          uniq_kirke
Lair:4:   layout_regular_city, nicolae_slime_entry_slimehenge,
          eino_small_chamber_without_monster, lemuel_fruit_tree
Lair:5:   hangedman_lair_caniforms_friends, layout_regular_city,
          hangedman_lair_tendril_chambers, nicolae_lair_run_with_the_wolves
Shoals:1: layout_shoals
Shoals:2: layout_shoals, serial_shops, nicolae_shop_tiny_statue_garden,
          ldierk_geyser
Shoals:3: layout_shoals
Shoals:4: shoals_end_grunt_ice, layout_shoals
Snake:1:  layout_grid_maze, statue_in_the_mist_lemuel, corexii_hall_statues_i
Snake:2:  layout_onion_interference, serial_bayou_lake_a
Snake:3:  layout_grid_maze, nicolae_triple_integral
Snake:4:  snake_pit_salamanders_mu, layout_chambers, abandoned_shop,
          grunt_ministairs_7, lemuel_oklob_altar, uniq_asterion, uniq_roxanne
Orc:1:    layout_caves, ebering_ghost_inner_flame
Orc:2:    hellmonk_orc_salted, layout_caves, uniq_maurice
Elf:1:    layout_gridlike, serial_hangedman_research,
          hangedman_research_electronics, hangedman_research_thermodynamics,
          hangedman_research_toxicology, hangedman_research_geology,
          hangedman_research_convocations, hangedman_research_quantum,
          minmay_elf_crystal_heptagon
Elf:2:    nicolae_elf_blades_splatter_lattice [nicolae_blade_entry_antechamber],
          layout_onion_city, serial_shops, nicolae_shop_just_a_little_nook
Vaults:1: nicolae_vaults_big_angled_halls, vaults_mumra_hex,
          nicolae_vaults_arrows, nicolae_vaults_doubleplus_tesselated,
          vaults_mumra_minichess, hangedman_vaults_pinch, v_alt_pattern_6,
          st_lattice, vaults_room_semicircle, nicolae_vaults_tetromino_T_1,
          layout_vaults_chaotic_city, serial_shops, nicolae_lakefront_shop,
          nicolae_square_shop, shop
Vaults:2: grunt_vaults_hallway_long, nicolae_vaults_double_plus_2,
          vaults_room_semicircle, v_pattern_2, nicolae_vaults_mitosis,
          vaults_room_grid, nicolae_vaults_corpse_flower,
          nicolae_vaults_house_1, nicolae_vaults_double_plus_3, v_misc_29,
          nicolae_vaults_storage_closets_1, vaults_standard_mumra_x,
          layout_vaults_omnibox
Vaults:3: gammafunk_ghost_necromancy, nicolae_vaults_trapezoid_lopsided_1,
          nicolae_vaults_meiosis, minmay_crypt_entry_necro_gods,
          vaults_mumra_bighexcomb, nicolae_vaults_more_shelving_2,
          ontoclasm_vaults_gateway, vaults_room_grunt_arrival_checkpoint,
          vaults_dpeg_ring, layout_vaults_omnigrid
Vaults:4: ontoclasm_vaults_ligature, v_misc_4, v_misc_4, v_misc_27,
          vaults_mumra_minichess_inversion, nicolae_vaults_big_angled_halls,
          hangedman_vaults_nodes, nicolae_vaults_oval_intersection,
          nicolae_vaults_tangram_1, nicolae_vaults_cochlea,
          dpeg_vaults_monster_box, layout_vaults_omnicross, serial_shops,
          uniq_margery, uniq_frederick
Depths:1: layout_basic, enter_ziggurat_d, pf_vacation_house_of_asmodeus,
          minmay_misc_feat_enclosed, nicolae_titane, serial_bayou_shore_b,
          minmay_shoptagon
Depths:2: hangedman_arrow_trap, layout_honeycomb,
          nicolae_abyss_entry_one_way_or_another, pan_entry,
          grunt_hell_entry_dis_old, minmay_misc_feat_nine_boxes
Depths:3: minmay_crescents, layout_cave_shapes, rand_demon_pan_entry_7,
          hell_entry, grunt_decor_fettered, abyss_entry_crystal,
          minmay_staircase_bubble

Skill      XL: |  1  2  3  4  5  6  7  8  9 10 11 12 13 14 15 16 17 18 19 20 21 22 |
---------------+-------------------------------------------------------------------+-----
Axes           | 4 5 6 8 9 11 13 15 16 | 16.0
Fighting       | 4 5 6 7 8 10 12 14 16 17 18 19 20 22 23 25 | 25.3
Armour         | 1 2 3 5 6 7 8 9 10 11 12 13 15 17 18 20 21 22 | 22.6
Dodging        | 4 5 6 7 8 10 11 12 13 14 15 16 17 | 17.3
Throwing       | 1 2 3 5 6 8 |  8.9
Stealth        | 1 2 |  2.4
Invocations    | 2 3 6 7 8 9 10 11 12 13 14 15 16 | 16.3
Shields        | 1 3 4 5 7 9 11 13 14 | 14.9
Polearms       | 3 5 6 7 9 |  9.7

Action                     |  1- 3 |  4- 6 |  7- 9 | 10-12 | 13-15 | 16-18 | 19-21 | 22-24 || total
---------------------------+-------+-------+-------+-------+-------+-------+-------+-------++-------
  Melee: Hand axe          |    73 |    63 |       |       |       |       |       |       ||   136
         Headbutt          |    16 |    31 |    41 |    95 |   122 |   259 |   383 |   124 ||  1071
         War axe           |       |    55 |   188 |   343 |   431 |   745 |   983 |   287 ||  3032
         Demon trident     |       |       |       |     3 |    13 |     6 |       |       ||    22
  Throw: Dart              |       |       |    23 |    45 |    10 |    17 |       |       ||    95
    Use: Scroll            |     2 |     2 |     4 |    13 |    11 |     7 |     3 |     3 ||    45
         Potion            |       |       |       |       |     1 |       |       |       ||     1
   Stab: Distracted        |       |       |       |     1 |    14 |    10 |    21 |     6 ||    52
         Petrified         |       |       |       |       |       |     1 |     9 |       ||    10
 Armour: Leather armour    |     6 |       |       |       |       |       |       |       ||     6
         Scale mail        |    29 |     3 |       |       |       |       |       |       ||    32
         Ring mail         |       |    48 |    56 |   110 |   135 |       |       |       ||   349
         Shadow dragon sca |       |       |       |       |    25 |   374 |   354 |   145 ||   898
  Dodge: Dodged            |    34 |    78 |   114 |   149 |   205 |   454 |   464 |   142 ||  1640
         Repelled          |       |       |       |     1 |     4 |    26 |    29 |     7 ||    67
  Block: Orb               |       |       |     4 |    45 |   171 |   565 |   470 |   140 ||  1395
         Reflection        |       |       |       |       |    14 |   105 |    76 |     2 ||   197
